 Dungeon Crawl Stone Soup version 0.28.0-53-g5a82cb258f (webtiles) character file.

Game seed: 17211666278221089888

3576 styxcanada the Covert (level 9, -3/44 HPs)
             Began as a Spriggan Brigand on May 26, 2022.
             Slain by an iguana (8 damage)
             ... on level 8 of the Dungeon on May 28, 2022.
             The game lasted 00:44:41 (11468 turns).

styxcanada the Covert (Spriggan Brigand)           Turns: 11468, Time: 00:44:41

Health: -3/44      AC:  4    Str:  9    XL:     9   Next: 84%
Magic:  14/16      EV: 24    Int: 13    God:
Gold:   403        SH:  0    Dex: 26    Spells: 13/16 levels left

rFire   . . .      SeeInvis +   r - +4 dagger of Sharp Guile {freeze, Str+2}
rCold   . . .      Faith    .   (no shield)
rNeg    . . .      Spirit   .   b - +0 robe
rPois   .          Reflect  .   (helmet restricted)
rElec   .          Harm     .   c - +1 cloak
rCorr   .          Rampage  .   (gloves unavailable)
Will    +....                   (boots unavailable)
Stlth   ++++++....              (no amulet)
HPRegen 0.14/turn               p - ring of flight
MPRegen 0.15/turn               q - +6 ring of dexterity

@: flying, very quick
A: very small, no large weapons, unfitting armour, see invisible, speed 3
a: no special abilities


You were on level 8 of the Dungeon.
You visited 2 branches of the dungeon, and saw 9 of its levels.
You also visited: Sewer.

You collected 403 gold pieces.

Inventory:

Hand Weapons
 a - a +3 dagger
 l - a +0 hunting sling
 r - the +4 dagger of Sharp Guile (weapon) {freeze, Str+2}
   (You found it on level 4 of the Dungeon)

   It freezes those it strikes, dealing additional cold damage.
   It can also slow down cold-blooded creatures.
   Str:       It affects your strength (+2).
Missiles
 d - 7 poisoned darts (quivered)
 f - 11 boomerangs
 i - 203 stones
 n - 67 sling bullets
 v - 6 curare-tipped darts
Armour
 b - a +0 robe (worn)
 c - a +1 cloak (worn)
Magical Staves
 k - a staff of conjuration
Jewellery
 p - a ring of flight (left hand)
 q - a +6 ring of dexterity (right hand)
Wands
 t - a wand of mindburst (17)
Scrolls
 u - 3 scrolls of teleportation
 w - a scroll of fear
Potions
 e - 3 potions of mutation {unknown}
 g - 2 potions of heal wounds
 h - 3 potions of flight
 j - 2 potions of brilliance
 m - 4 potions of curing
 o - 4 potions of might {unknown}
 s - 2 potions of resistance {unknown}
 x - a potion of berserk rage {unknown}
 z - a potion of lignification {unknown}


   Skills:
 + Level 3.5 Fighting
 + Level 5.0 Short Blades
 + Level 2.8(4.4) Slings
 + Level 4.4(4.7) Throwing
 * Level 6.6 Dodging
 * Level 12.3 Stealth
 * Level 4.3 Spellcasting
 * Level 2.7 Conjurations
 * Level 3.4 Air Magic
 * Level 3.7 Poison Magic
 + Level 2.4 Evocations


You had 13 spell levels left.
You knew the following spells:

 Your Spells              Type           Power      Damage    Failure   Level
a - Mephitic Cloud        Conj/Pois/Air  11%        N/A       16%         3

Your spell library contained the following spells:

 Spells                   Type           Power      Damage    Failure   Level
 Beastly Appendage        Tmut           4%         N/A       21%         1
 Spider Form              Tmut/Pois      7%         N/A       28%         3
 Sublimation of Blood     Necr           2%         N/A       30%         2
 Wereblood                Tmut           2%         N/A       30%         2
 Ignite Poison            Fire/Tmut/Pois 6%         N/A       34%         3
 Freezing Cloud           Conj/Ice/Air   4%         6-21      94%         5
 Summon Forest            Summ/Tloc      1%         N/A       99%         5
 Summon Mana Viper        Hex/Summ       2%         N/A       99%         5
 Summon Cactus Giant      Summ           1%         N/A       100%        6
 Summon Hydra             Summ           1%         N/A       100%        7


Dungeon Overview and Level Annotations

Branches:
Dungeon (8/15)             Temple (1/1) D:7            Lair (0/6) D:8
  Sewer (visited)

Altars:
Ashenzari
Cheibriados
Dithmenos
Elyvilon
Fedhas
Hepliaklqana
Makhleb
Nemelex Xobeh
Okawaru
Qazlal
Sif Muna
Trog
Uskayaw
Vehumet
Wu Jian
Xom
Yredelemnul
Zin
The Shining One

Shops:
D:2 *   D:8 :

Annotations:
D:4 Woods's ghost, amateur DsAK
D:5 Holdthepickle's ghost, novice MiBe


Innate Abilities, Weirdness & Mutations

You are very small and have problems with some larger weapons.
You are too small for most types of armour.
You have supernaturally acute eyesight. (SInv)
You cover ground extremely quickly. (Speed+++)


Message History

You throw a poisoned dart.
The poisoned dart closely misses the wyvern.
The water moccasin hisses angrily.
The wyvern looks more healthy.
The water moccasin closely misses you.
The iguana hisses angrily.
The water moccasin closely misses you. The iguana completely misses you.
You see here 2 sling bullets.
Casting: Mephitic Cloud (dangerous; 16% risk of failure)
Confirm with . or Enter, or press ? or * to list all spells.
Aiming: Mephitic Cloud (dangerous; 16% risk of failure)
Press: ? - help, Shift-Dir - straight line, f/p - wyvern
Aim: a wyvern (heavily wounded, chance to affect: 77%)
The ball explodes into a vile cloud!
The stinking cloud engulfs the wyvern but does no damage.
The wyvern is heavily wounded.
The stinking cloud engulfs the water moccasin but does no damage.
The wyvern is engulfed in noxious fumes.
The wyvern appears confused.
The wyvern is engulfed in noxious fumes.
The wyvern appears confused.
The wyvern bites the iguana.
A centaur zombie comes into view.
The wyvern is engulfed in noxious fumes.
The wyvern appears confused.
The water moccasin closely misses you.
You hit the water moccasin but do no damage.
The water moccasin closely misses you.
You hit the water moccasin. You freeze the water moccasin.
The water moccasin is moderately wounded.
The water moccasin closely misses you.
You hit the water moccasin.
The water moccasin seems to slow down.
You freeze the water moccasin.
The water moccasin is moderately wounded.
The water moccasin completely misses you.
You hit the iguana. You freeze the iguana.
The iguana is severely wounded.
You hit the iguana but do no damage.
The iguana is severely wounded.
The iguana bites you!
You die...

# .# #....((......#...# #
#.#.####.#######...#.# #
#.#.# #.# ##....# # #.#.#
#.# ##.#.# #####.#.# #<#
#.# # ......#.# #.# ##.#.#
....((..# ##)########....#
8###<#..###..(.l.(.(..:..#
<##..........(lS@..)#...##
∩.8.##..###..######.##.##
.#####.......# #.####
8.....######## #.# .####.#
#.. ## #.# ###### ###
#.###..♣..#
#####(.........
...###......P..


You could see a water moccasin (slow), a wyvern (confused) and an iguana.

Vanquished Creatures
  Grinder (D:3)
  A steam dragon (D:6)
  3 water moccasins
  Duvessa (D:5)
  3 ice beasts
  An orc warrior (D:8)
  A black bear (D:6)
  4 ogres
  A centaur (D:7)
  A phantom (D:4)
  4 kobold brigands
  3 bullfrogs (D:7)
  4 scorpions
  Dowan (D:5)
  9 wights
  2 centaur zombies
  2 centaur skeletons
  2 hounds (D:4)
  A quasit (D:5)
  3 orc priests
  A bullfrog skeleton (D:5)
  A gnoll shaman (D:4)
  5 iguanas
  2 orc wizards
  A hound zombie (D:5)
  A hound skeleton (D:5)
  A howler monkey zombie (D:8)
  3 gnolls (D:4)
  3 adders
  3 white imps
  An ufetubus (D:6)
  5 worms
  A dart slug (D:1)
  12 orcs
  10 endoplasms
  3 giant cockroaches
  12 goblins
  9 hobgoblins
  A jackal (Sewer)
  17 kobolds
  4 quokkas
  3 ball pythons
  6 bats
  3 frilled lizards
  16 rats
172 creatures vanquished.

Vanquished Creatures (others)
  6 fungi
  24 plants
30 creatures vanquished.

Grand Total: 202 creatures vanquished

Notes
Turn   | Place    | Note
-------+----------+-------------------------------------------
     0 | D:1      | styxcanada the Spriggan Brigand began the quest for the
                  | Orb.
     0 | D:1      | Reached XP level 1. HP: 10/10 MP: 2/2
    50 | D:1      | Reached skill level 6 in Stealth
    64 | D:1      | Reached XP level 2. HP: 10/14 MP: 3/3
   728 | D:1      | Reached skill level 7 in Stealth
   797 | D:1      | Reached XP level 3. HP: 18/18 MP: 4/4
  1302 | D:2      | Found Foeffax's Assorted Antiques.
  2252 | D:3      | Noticed Grinder
  2280 | D:3      | Reached XP level 4. HP: 23/23 MP: 5/5
  2314 | D:3      | Killed Grinder
  2315 | D:3      | Reached skill level 9 in Stealth
  2315 | D:3      | Reached XP level 5. HP: 26/26 MP: 6/6
  2315 | D:3      | Reached XP level 6. HP: 30/30 MP: 7/7
  2586 | D:3      | Learned a level 3 spell: Mephitic Cloud
  2671 | D:3      | Found a glowing drain.
  2675 | Sewer    | Entered a sewer
  2977 | Sewer    | Found a glowing silver altar of Zin.
  3471 | D:4      | Noticed Woods's ghost (amateur DsAK)
  3577 | D:4      | Found a stormy altar of Qazlal.
  3577 | D:4      | Found a blossoming altar of Fedhas.
  3596 | D:4      | Reached skill level 1 in Spellcasting
  3596 | D:4      | Reached skill level 1 in Evocations
  3596 | D:4      | Reached XP level 7. HP: 30/35 MP: 9/9
  3634 | D:4      | Found a transporter.
  3639 | D:4      | Found a transporter.
  3642 | D:4      | Reached skill level 1 in Poison Magic
  3747 | D:4      | Reached skill level 10 in Stealth
  4345 | D:4      | Reached skill level 1 in Air Magic
  5280 | D:4      | Reached skill level 1 in Conjurations
  5472 | D:4      | Identified the +4 dagger of Sharp Guile {freeze, Str+2}
  5565 | D:5      | Entered Level 5 of the Dungeon
  5735 | D:5      | Found a transporter.
  5741 | D:5      | Noticed Holdthepickle's ghost (novice MiBe)
  5768 | D:4      | Reached XP level 8. HP: 32/39 MP: 12/12
  5928 | D:5      | Noticed Duvessa
  5946 | D:5      | Noticed Dowan
  6211 | D:5      | Killed Duvessa
  6356 | D:5      | Killed Dowan
  6520 | D:4      | Reached skill level 1 in Slings
  7390 | D:5      | Found a transporter.
  8451 | D:6      | Reached skill level 5 in Dodging
  8451 | D:6      | Reached XP level 9. HP: 6/44 MP: 13/15
  9408 | D:6      | Reached skill level 11 in Stealth
 10545 | D:7      | Found a staircase to the Ecumenical Temple.
 10634 | Temple   | Entered the Ecumenical Temple
 10861 | D:7      | Found a flagged portal.
 10957 | D:7      | Reached skill level 12 in Stealth
 11145 | D:7      | Found a shadowy altar of Dithmenos.
 11310 | D:8      | Found Xouhyrit's Book Shoppe.
 11348 | D:8      | Reached skill level 5 in Short Blades
 11415 | D:8      | HP: 1/44 [wyvern (2)]
 11432 | D:8      | Found a staircase to the Lair.
 11468 | D:8      | Slain by an iguana

Illustrated notes

Levels and vault maps discovered:
D:1:      kennysheep_arrival_seaside, layout_loops_corners,
          kennysheep_minor_cross, minmay_tromino_v4_a
D:2:      layout_basic, serial_shops, shop_fountains
D:3:      layout_basic, gup_sewer_entry_bowl, grunt_ministairs_10,
          serial_bayou_pond_e, uniq_grinder
D:4:      layout_rooms, grunt_temple_overflow_forces_of_nature,
          gammafunk_ghost_smash, lexackson_kobold_supper
D:5:      layout_cave_pools, gammafunk_ghost_stat_death, uniq_duvessa
D:6:      layout_basic, st_stairs_7, minivault_1, dk_vineyard_1
D:7:      layout_loops_cross, mainiacjoe_overflow_alcove_2, temple_doors_e,
          enter_bailey_5
D:8:      layout_loops_ring, minmay_lair_entry_grove, serial_shops,
          nicolae_shop_statue_plus, grunt_livestock
Temple:   nicolae_temple_elliptical

Skill      XL: |  1  2  3  4  5  6  7  8  9 |
---------------+----------------------------+-----
Stealth        | 6 7 9 10 12 | 12.3
Dodging        | 2 3 5 6 |  6.6
Fighting       | 2 3 |  3.5
Short Blades   | 3 4 5 |  5.0
Throwing       | 3 4 |  4.4
Spellcasting   | 1 2 3 4 |  4.3
Evocations     | 1 2 |  2.4
Poison Magic   | 1 2 3 |  3.7
Air Magic      | 1 2 3 |  3.4
Conjurations   | 1 2 |  2.7
Slings         | 2 |  2.8

Action                   |  1- 3 |  4- 6 |  7- 9 || total
-------------------------+-------+-------+-------++-------
Melee: Dagger            |   117 |    84 |   458 ||   659
       Punch             |       |       |     8 ||     8
 Fire: Hunting sling     |       |       |    48 ||    48
Throw: Dart              |    20 |    33 |    90 ||   143
       Boomerang         |       |     2 |    15 ||    17
       Throwing net      |       |       |     4 ||     4
 Cast: Mephitic Cloud    |       |       |     5 ||     5
  Use: Scroll            |     5 |     2 |     5 ||    12
       Potion            |       |     2 |       ||     2
 Stab: Sleeping          |    24 |    10 |    16 ||    50
       Distracted        |       |     1 |     2 ||     3
       Held in net/web   |       |       |     1 ||     1
       Confused          |       |       |     2 ||     2
Armor: Robe              |    12 |     8 |    46 ||    66
Dodge: Dodged            |    57 |    44 |   371 ||   472
